 Dungeon Sprint DCSS version 0.17-a0-968-gf8e1f1d (webtiles) character file.

37119 ahoge the Shatterer (level 13, -5/101 HPs)
             Began as a Gargoyle Monk on May 9, 2015.
             Was the Champion of Okawaru.
             Killed from afar by a fire giant (44 damage)
             ... with a fireball
             ... in the Dungeon (Sprint IX: "|||||||||||||||||||||||||||||").
             The game lasted 00:17:12 (3409 turns).

ahoge the Shatterer (Gargoyle Monk)                 Turns: 3409, Time: 00:17:12

Health: -5/101     AC: 31    Str: 19    XL:     13   Next: 94%
Magic:  20/23      EV: 26    Int: 19    God:    Okawaru [******]
Gold:   1511       SH:  0    Dex: 20    Spells: 0 memorised, 12 levels left

rFire  . . .     SeeInvis .     L - +4 great mace (protect)
rCold  + . .     Clarity  .     B - +1 ring mail {rC+}
rNeg   + . .     SustAb   .     (no shield)
rPois  ∞         Gourm    .     D - +0 hat {Int+3}
rElec  +         Spirit   .     I - +1 cloak
rCorr  .         Warding  .     p - +0 pair of gloves
rMut   .         NoTele   +     z - +2 pair of boots {run}
MR     .....                    (no amulet)
Stlth  ++++++....               s - +3 ring of strength
                                r - +3 ring of intelligence

@: heroism, finesse, quick, not resistant to hostile enchantments, very stealthy
A: hooves 1, thin skeletal structure 2, blink 1, clever 1, negative energy
resistance 1, electricity resistance, unbreathing, evolution 1, petrification
resistance, rot immunity, AC +9
a: Blink, Heroism, Finesse, Renounce Religion


You were in the Dungeon.
You worshipped Okawaru.
Okawaru was exalted by your worship.
You were not hungry.

You visited 1 branch You collected 1909 gold pieces.
You spent 398 gold pieces at shops.

Inventory:

Hand weapons
 a - a +3 dire flail of holy wrath
 n - a +3 dire flail of protection
 H - the +6 long sword of Crusades {vamp, Str+2}
   (You found it in the Dungeon)

   It inflicts no extra harm, but heals its wielder somewhat when it strikes a
   living foe.
   It affects your strength (+2).
 L - a +4 great mace of protection (weapon)
Armour
 p - a +0 pair of gloves (worn)
 q - the +2 pair of boots of Free Will {rF++ Str-5 Dex+12}
   (You found it in the Dungeon)

   It affects your strength (-5).
   It affects your dexterity (+12).
   It greatly protects you from fire.
 z - a +2 pair of boots of running (worn)
 B - a +1 ring mail of cold resistance (worn)
 D - a +0 hat of intelligence (worn)
 I - a +1 cloak (worn)
Jewellery
 o - an uncursed ring of teleport control
 r - a +3 ring of intelligence (left hand)
 s - a +3 ring of strength (right hand)
 y - an uncursed ring of fire
 F - an uncursed ring of protection from cold
 G - an uncursed ring of protection from magic
Magical devices
 m - a wand of cold (7)
 C - a wand of digging (19)
Scrolls
 h - 2 scrolls of blinking
 k - 6 scrolls of remove curse
 l - 2 scrolls of amnesia
 u - 2 scrolls of enchant armour
 v - a scroll of identify
 w - 3 scrolls of enchant weapon
 x - 2 scrolls of fear
 K - a scroll of recharging
Potions
 c - 7 potions of curing
 d - 2 potions of heal wounds
 e - 2 potions of haste
 f - 4 potions of magic
 g - 4 potions of berserk rage
 i - 3 potions of might
 j - a potion of invisibility
 J - 2 potions of agility
Comestibles
 b - 13 bread rations
 t - 13 meat rations
 A - 40 fruits
 E - 6 chunks of flesh


   Skills:
 + Level 19.7(24.7) Fighting
 + Level 21.4(26.4) Maces & Flails
 + Level 10.8(15.8) Armour
 + Level 12.4(17.4) Dodging
 + Level 7.4(12.4) Stealth
 - Level 4.0(9.0) Unarmed Combat
 + Level 13.9 Invocations


You had 12 spell levels left.
You didn't know any spells.

Dungeon Overview and Level Annotations

Branches:
Dungeon (1/1)

Altars:
Cheibriados
Dithmenos
Elyvilon
Fedhas
Gozag
Kikubaaqudgha
Makhleb
Nemelex Xobeh
Okawaru
Qazlal
Ru
Sif Muna
Trog
Vehumet
Xom
Yredelemnul
Zin
The Shining One
Beogh
Jiyva
Lugonu

Shops:
D :(%*


Innate Abilities, Weirdness & Mutations

You are resistant to torment.
Your stone body is resilient (AC +9).
You are immune to poison.
You resist negative energy.
You are resistant to electric shocks.
You can survive without breathing.
You are immune to petrification.
You are immune to rotting.
You have large cloven feet.
You have a moderately thin skeletal structure (Dex +4, Stealth+).
You can translocate small distances at will.
Your mind is acute. (Int +2)
You evolve.


Message History

You hit the fire giant.
The fire giant is lightly wounded.
You bludgeon the fire giant!!
The fire giant is moderately wounded.
You bludgeon the fire giant!!
The fire giant is heavily wounded.
The fire giant hits you but does no damage.
You barely miss the fire giant.
The fire giant is heavily wounded.
You barely miss the fire giant.
The fire giant is heavily wounded.
The fire dragon breathes flames at you.
The blast of flame hits the fire giant.
The fire giant resists.
The blast of flame misses you.
You hear a shout!
You thump the fire giant!
The fire giant is severely wounded.
The fire giant gestures at you while chanting.
The fireball explodes!
The fireball engulfs you!
You die...

.......[[[.[[[[..)))))))..=.='...
▓▓▓▓▓▓▓▓▓▓▓▓▓▓▓▓▓▓▓▓▓▓▓▓▓▓▓▓▓▓▓▓▓
.................................
▓▓▓▓▓▓▓▓▓▓▓▓▓▓▓▓▓▓▓▓▓▓▓▓▓▓▓▓▓▓▓▓▓
.)('....())(('.%%..%%.%'.........
▓▓▓▓▓▓▓▓▓▓▓▓▓▓▓▓▓▓▓▓▓▓▓▓▓▓▓▓▓▓▓▓▓
.................................
▓▓▓▓▓▓▓▓▓▓▓▓▓▓▓▓▓▓▓▓▓▓▓▓▓▓▓▓▓▓▓▓▓
,,+,,,,,,CSuQ*DC@))†('...........
*********▓▓▓▓▓▓▓▓▓▓▓▓▓▓▓▓▓▓▓▓▓▓▓▓
,,,,,,,,,,,,,,,,,,,,,,,,,,,,,,,,,
*********************************
,,,,,,,,,,,,,,,,,,,,,,,,,,+,,,,,,
*********************************
,,,,,,,,,,,,,,,,,,,,,,,,,,,,,,,,,
*********************************
,,,+,,,,,,,,,,,,,+,,,,,,,,,,,,,+,


You could see a red very ugly thing, a fire giant, a fire dragon, a tengu
reaver, an ettin and a sea snake shaped shifter.

Vanquished Creatures
  Gastronok (D)
  2 stone giants (D)
  4 very ugly things (D)
  A merfolk javelineer (D)
  2 great orbs of eyes (D)
  2 ice dragons (D)
  Harold (D)
  A hydra (D)
  A naga warrior (D)
  Erica (D)
  A centaur warrior (D)
  An alligator snapping turtle (D)
  3 ogre magi (D)
  An alligator (D)
  A death yak (D)
  A vampire mage (D)
  An orc high priest (D)
  A naga sharpshooter (D)
  A sea snake (D)
  2 lindwurms (D)
  A harpy (D)
  A naga ritualist (D)
  2 spriggan druids (D)
  An orc knight (D)
  A wolf spider (D)
  A mana viper (D)
  A wizard (D)
  A cyclops (D)
  A siren (D)
  A hornet (D)
  A griffon (D)
  2 manticores (D)
  A spiny frog (D)
  5 black mambas (D)
  Psyche (D)
  A spiny frog (shapeshifter) (D)
  2 komodo dragons (D)
  7 two-headed ogres (D)
  A merfolk (D)
  A blink frog (D)
  A jumping spider (D)
  A bog body (D)
  A snapping turtle (D)
  A slime creature (D)
  A shadow (D)
  A redback (D)
  A wraith (D)
  A tarantella (D)
  A yak (D)
  3 trapdoor spiders (D)
  A basilisk (D)
  A vampire mosquito (D)
  3 water moccasins (D)
  A porcupine (D)
  14 orc warriors (D)
  A spider (D)
  3 ogres (D)
  A centaur (D)
  A swamp drake (D)
  2 crocodiles (D)
  2 giant frogs (D)
  A big kobold (D)
  A brain worm (D)
  A scorpion (D)
  A killer bee (D)
  A crimson imp (D)
  4 orc priests (D)
  3 orc wizards (D)
  3 iguanas (D)
  A worker ant (D)
  A river rat (D)
  2 adders (D)
  5 worms (D)
  4 orcs (D)
  2 goblins (D)
  A jackal (D)
  A ball python skeleton (D)
  3 bats (D)
  A giant cockroach zombie (D)
  A giant gecko skeleton (D)
  2 kobolds (D)
  A quokka zombie (D)
  A rat (D)
145 creatures vanquished.

Vanquished Creatures (others)
  A spriggan druid (D)
  A spatial maelstrom (D)
  A necromancer (D)
  A plant (D)
4 creatures vanquished.

Grand Total: 149 creatures vanquished

Notes
Turn   | Place    | Note
--------------------------------------------------------------
     0 | D        | ahoge, the Gargoyle Monk, began the quest for the Orb.
     0 | D        | Reached XP level 1. HP: 14/14 MP: 1/1
     3 | D        | Banished a spatial maelstrom
    57 | D        | Reached XP level 2. HP: 20/20 MP: 2/2
    81 | D        | Found a glowing silver altar of Zin.
    81 | D        | Found a glowing golden altar of the Shining One.
    81 | D        | Found an ancient bone altar of Kikubaaqudgha.
    81 | D        | Found a basalt altar of Yredelemnul.
    81 | D        | Found a shimmering altar of Xom.
    81 | D        | Found a radiant altar of Vehumet.
    82 | D        | Found an iron altar of Okawaru.
    83 | D        | Found a burning altar of Makhleb.
    84 | D        | Found a deep blue altar of Sif Muna.
    85 | D        | Found a bloodstained altar of Trog.
    86 | D        | Found a sparkling altar of Nemelex Xobeh.
    87 | D        | Found a white marble altar of Elyvilon.
    88 | D        | Found a roughly hewn altar of Beogh.
    89 | D        | Found a viscous altar of Jiyva.
    90 | D        | Became a worshipper of Warmaster Okawaru
    90 | D        | Acquired Okawaru's first power
    91 | D        | Found a corrupted altar of Lugonu.
    92 | D        | Found a blossoming altar of Fedhas.
    93 | D        | Found a snail-covered altar of Cheibriados.
    94 | D        | Found a shadowy altar of Dithmenos.
    95 | D        | Found a stormy altar of Qazlal.
    96 | D        | Found an opulent altar of Gozag.
    97 | D        | Found a sacrificial altar of Ru.
   149 | D        | Noticed a scorpion
   149 | D        | Noticed a killer bee
   149 | D        | Noticed a worker ant
   155 | D        | Killed a worker ant
   155 | D        | Reached skill level 5 in Fighting
   155 | D        | Reached skill level 1 in Maces & Flails
   155 | D        | Reached XP level 3. HP: 23/26 MP: 0/3
   182 | D        | Killed a killer bee
   182 | D        | Reached skill level 6 in Fighting
   182 | D        | Reached skill level 5 in Dodging
   182 | D        | Reached skill level 1 in Invocations
   182 | D        | Reached XP level 4. HP: 24/32 MP: 2/4
   194 | D        | Killed a scorpion
   194 | D        | Reached skill level 7 in Fighting
   194 | D        | Reached XP level 5. HP: 21/38 MP: 3/6
   295 | D        | Noticed an orc warrior
   295 | D        | Noticed an iguana
   295 | D        | Noticed a centaur
   295 | D        | Noticed a crimson imp
   295 | D        | Noticed a big kobold
   295 | D        | Noticed a yak
   299 | D        | Killed a yak
   299 | D        | Reached skill level 9 in Fighting
   299 | D        | Reached skill level 1 in Armour
   299 | D        | Reached XP level 6. HP: 33/46 MP: 4/7
   306 | D        | Killed a big kobold
   306 | D        | Reached skill level 5 in Maces & Flails
   313 | D        | Killed a centaur
   313 | D        | Reached skill level 10 in Fighting
   313 | D        | Reached XP level 7. HP: 29/52 MP: 5/9
   320 | D        | Killed an iguana
   326 | D        | Killed an orc warrior
   330 | D        | Killed a crimson imp
   565 | D        | Noticed a porcupine
   565 | D        | Noticed an iguana
   565 | D        | Noticed a crocodile
   565 | D        | Noticed a spiny frog
   565 | D        | Noticed a water moccasin
   575 | D        | Killed a water moccasin
   575 | D        | Reached skill level 11 in Fighting
   581 | D        | Killed a spiny frog
   581 | D        | Reached XP level 8. HP: 50/60 MP: 8/10
   588 | D        | Killed a crocodile
   591 | D        | Killed an iguana
   591 | D        | Reached skill level 12 in Fighting
   596 | D        | Killed a porcupine
   601 | D        | Noticed a giant frog
   604 | D        | Noticed a four-headed hydra
   605 | D        | Noticed a basilisk
   611 | D        | Killed a giant frog
   619 | D        | Killed a four-headed hydra
   619 | D        | Acquired Okawaru's second power
   619 | D        | Received a gift from Okawaru
   619 | D        | Reached skill level 13 in Fighting
   619 | D        | Reached skill level 10 in Maces & Flails
   619 | D        | Reached skill level 5 in Armour
   619 | D        | Reached skill level 5 in Stealth
   619 | D        | Reached XP level 9. HP: 45/68 MP: 10/12
   621 | D        | Killed a basilisk
   731 | D        | Noticed a komodo dragon
   731 | D        | Noticed a water moccasin
   731 | D        | Noticed a crocodile
   731 | D        | Noticed a komodo dragon
   731 | D        | Noticed an iguana
   731 | D        | Noticed a water moccasin
   732 | D        | Noticed a death yak
   735 | D        | Killed a water moccasin
   740 | D        | Noticed a giant frog
   744 | D        | Killed a komodo dragon
   746 | D        | Noticed a blink frog
   747 | D        | Killed an iguana
   755 | D        | Killed a death yak
   755 | D        | Received a gift from Okawaru
   755 | D        | Reached skill level 14 in Fighting
   757 | D        | Killed a crocodile
   760 | D        | Killed a water moccasin
   760 | D        | Reached XP level 10. HP: 43/75 MP: 13/13
   769 | D        | Killed a komodo dragon
   775 | D        | Killed a giant frog
   787 | D        | Killed a blink frog
   787 | D        | Reached skill level 5 in Invocations
   995 | D        | Noticed a brain worm
   995 | D        | Noticed a lindwurm
   995 | D        | Noticed a lindwurm
  1002 | D        | Killed a lindwurm
  1008 | D        | Killed a lindwurm
  1012 | D        | Killed a brain worm
  1158 | D        | Noticed Gastronok
  1177 | D        | Killed Gastronok
  1177 | D        | Reached skill level 15 in Fighting
  1291 | D        | Noticed Erica
  1302 | D        | Killed Erica
  1302 | D        | Reached skill level 10 in Dodging
  1302 | D        | Reached XP level 11. HP: 67/82 MP: 8/16
  1324 | D        | Noticed Harold
  1337 | D        | Killed Harold
  1337 | D        | Received a gift from Okawaru
  1337 | D        | Reached skill level 15 in Maces & Flails
  1344 | D        | Identified a +2 pair of boots of running (Okawaru gifted it to you in the Dungeon)
  1465 | D        | Noticed an orc high priest
  1465 | D        | Noticed an orc warrior
  1465 | D        | Noticed an orc priest
  1465 | D        | Noticed an orc priest
  1465 | D        | Noticed an orc wizard
  1467 | D        | Noticed an orc wizard
  1471 | D        | Killed an orc wizard
  1477 | D        | Killed an orc priest
  1478 | D        | Noticed an orc wizard
  1487 | D        | Killed an orc warrior
  1488 | D        | Noticed an orc priest
  1489 | D        | Killed an orc priest
  1490 | D        | Noticed an orc knight
  1498 | D        | Killed an orc high priest
  1499 | D        | Noticed an orc warrior
  1501 | D        | Killed an orc wizard
  1502 | D        | Noticed an orc priest
  1507 | D        | Killed an orc wizard
  1509 | D        | Killed an orc priest
  1527 | D        | Killed an orc knight
  1527 | D        | Reached skill level 16 in Fighting
  1529 | D        | Killed an orc warrior
  1534 | D        | Killed an orc priest
  1626 | D        | Noticed an orc warrior
  1626 | D        | Noticed an orc warrior
  1626 | D        | Noticed an orc warrior
  1626 | D        | Noticed an orc warrior
  1628 | D        | Noticed an orc warrior
  1629 | D        | Noticed an orc warrior
  1631 | D        | Noticed an orc warrior
  1633 | D        | Killed an orc warrior
  1635 | D        | Killed an orc warrior
  1636 | D        | Noticed an orc warrior
  1642 | D        | Killed an orc warrior
  1643 | D        | Noticed an orc warrior
  1644 | D        | Noticed an orc warrior
  1647 | D        | Killed an orc warrior
  1649 | D        | Killed an orc warrior
  1653 | D        | Killed an orc warrior
  1655 | D        | Killed an orc warrior
  1660 | D        | Killed an orc warrior
  1666 | D        | Killed an orc warrior
  1673 | D        | Killed an orc warrior
  1752 | D        | Found Zuratoqa's Assorted Antiques.
  1752 | D        | Noticed a two-headed ogre
  1752 | D        | Noticed an ogre mage
  1752 | D        | Noticed an ogre mage
  1752 | D        | Noticed an ogre mage
  1752 | D        | Noticed a two-headed ogre
  1753 | D        | Noticed a two-headed ogre
  1755 | D        | Killed a two-headed ogre
  1755 | D        | Reached skill level 10 in Invocations
  1756 | D        | Noticed a two-headed ogre
  1758 | D        | Killed an ogre mage
  1759 | D        | Found Guirek's Food Shop.
  1759 | D        | Noticed an ogre
  1766 | D        | Killed an ogre mage
  1777 | D        | Killed an ogre mage
  1782 | D        | Noticed an ogre
  1783 | D        | Killed a two-headed ogre
  1784 | D        | Found Rurchiacy's Weapon Boutique.
  1790 | D        | Killed a two-headed ogre
  1790 | D        | Received a gift from Okawaru
  1796 | D        | Killed a two-headed ogre
  1796 | D        | Reached skill level 17 in Maces & Flails
  1797 | D        | Found Tumub's Book Shop.
  1799 | D        | Killed an ogre
  1799 | D        | Reached XP level 12. HP: 90/90 MP: 14/20
  1806 | D        | Killed an ogre
  1807 | D        | Noticed a two-headed ogre
  1808 | D        | Noticed a two-headed ogre
  1809 | D        | Noticed a two-headed ogre
  1810 | D        | Noticed an ogre
  1814 | D        | Killed a two-headed ogre
  1820 | D        | Killed a two-headed ogre
  1823 | D        | Killed a two-headed ogre
  1825 | D        | Killed an ogre
  1893 | D        | Bought a pearl ring for 100 gold pieces
  1893 | D        | Bought a scroll of remove curse for 60 gold pieces
  1893 | D        | Bought a scroll of remove curse for 60 gold pieces
  1893 | D        | Bought a potion of berserk rage for 100 gold pieces
  1893 | D        | Bought an inky potion for 18 gold pieces
  1893 | D        | Bought a scroll labeled ZUSTEACIAG for 20 gold pieces
  1893 | D        | Bought a scroll of identify for 40 gold pieces
  1894 | D        | Gained mutation: You have large cloven feet. [potion of beneficial mutation]
  1926 | D        | Noticed Psyche
  1937 | D        | Killed Psyche
  2023 | D        | Got the +6 long sword of Crusades {vamp, Str+2}
  2054 | D        | Got the +2 pair of boots of Free Will {rF++ Str-5 Dex+12}
  2079 | D        | Noticed a polar bear
  2079 | D        | Noticed a wraith
  2079 | D        | Noticed a shadow
  2079 | D        | Noticed a manticore
  2079 | D        | Noticed a cyclops
  2080 | D        | a polar bear changed into a spiny frog
  2084 | D        | Killed a cyclops
  2085 | D        | Noticed an orc warrior
  2088 | D        | Killed a manticore
  2089 | D        | Noticed a stone giant
  2092 | D        | Killed a shadow
  2093 | D        | Noticed a centaur warrior
  2095 | D        | Killed a wraith
  2096 | D        | Noticed a cyan very ugly thing
  2099 | D        | Noticed a necromancer
  2102 | D        | Noticed an ice dragon
  2111 | D        | Killed a stone giant
  2111 | D        | Reached skill level 18 in Maces & Flails
  2112 | D        | Killed an orc warrior
  2113 | D        | Noticed a green very ugly thing
  2124 | D        | Noticed a vampire mage
  2134 | D        | Killed a cyan very ugly thing
  2142 | D        | Killed a centaur warrior
  2170 | D        | Killed a green very ugly thing
  2172 | D        | Killed a necromancer
  2190 | D        | Killed an ice dragon
  2190 | D        | Received a gift from Okawaru
  2198 | D        | Killed a vampire mage
  2240 | D        | Gained mutation: Your mind is acute. (Int +2) [mutagenic meat]
  2241 | D        | Gained mutation: You evolve. [mutagenic meat]
  2242 | D        | Gained mutation: Scrolls take you a little longer to read. [mutagenic meat]
  2244 | D        | Lost mutation: Scrolls take you a little longer to read. [mutagenic meat]
  2245 | D        | Gained mutation: You can translocate small distances at will. [mutagenic meat]
  2246 | D        | Gained mutation: Your body sometimes deteriorates upon taking damage. [mutagenic meat]
  2247 | D        | Lost mutation: Your body sometimes deteriorates upon taking damage. [mutagenic meat]
  2248 | D        | Gained mutation: You have a somewhat thin skeletal structure (Dex +2, Stealth). [mutagenic meat]
  2499 | D        | Noticed a tarantella
  2499 | D        | Noticed a redback
  2499 | D        | Noticed a spider
  2502 | D        | Noticed a wolf spider
  2503 | D        | Noticed a jumping spider
  2503 | D        | Noticed a trapdoor spider
  2505 | D        | Killed a trapdoor spider
  2508 | D        | Killed a spider
  2510 | D        | Noticed a hornet
  2514 | D        | Killed a tarantella
  2515 | D        | Killed a redback
  2528 | D        | Killed a wolf spider
  2532 | D        | Killed a hornet
  2532 | D        | Reached skill level 19 in Maces & Flails
  2536 | D        | Killed a jumping spider
  2554 | D        | Noticed a trapdoor spider
  2556 | D        | Killed a trapdoor spider
  2558 | D        | Noticed a trapdoor spider
  2561 | D        | Killed a trapdoor spider
  2565 | D        | Noticed a naga sharpshooter
  2565 | D        | Noticed a black mamba
  2565 | D        | Noticed a black mamba
  2565 | D        | Noticed a black mamba
  2565 | D        | Noticed a mana viper
  2565 | D        | Noticed a black mamba
  2566 | D        | Noticed a naga ritualist
  2571 | D        | Killed a black mamba
  2574 | D        | Killed a mana viper
  2574 | D        | Reached XP level 13. HP: 88/98 MP: 22/22
  2575 | D        | Noticed a black mamba
  2577 | D        | Killed a black mamba
  2584 | D        | Noticed a naga warrior
  2585 | D        | Killed a black mamba
  2588 | D        | Killed a black mamba
  2597 | D        | Killed a naga sharpshooter
  2607 | D        | Killed a naga ritualist
  2607 | D        | Reached skill level 10 in Armour
  2610 | D        | Killed a black mamba
  2629 | D        | Killed a naga warrior
  2912 | D        | Noticed a sea snake
  2912 | D        | Noticed a siren
  2912 | D        | Noticed a harpy
  2912 | D        | Noticed a griffon
  2912 | D        | Noticed a merfolk javelineer
  2912 | D        | Noticed a snapping turtle
  2913 | D        | Noticed a merfolk
  2913 | D        | Noticed an alligator snapping turtle
  2929 | D        | Killed a snapping turtle
  2938 | D        | Killed a merfolk javelineer
  2942 | D        | Killed a griffon
  2942 | D        | Received a gift from Okawaru
  2945 | D        | Killed a harpy
  2945 | D        | Reached skill level 20 in Maces & Flails
  2946 | D        | Noticed a manticore
  2964 | D        | Killed an alligator snapping turtle
  2968 | D        | Killed a siren
  2983 | D        | Killed a sea snake
  2990 | D        | Killed a merfolk
  2996 | D        | Killed a manticore
  3195 | D        | Gained mutation: You have a moderately thin skeletal structure (Dex +4, Stealth+). [evolution]
  3198 | D        | Noticed a swamp drake
  3198 | D        | Noticed a spriggan druid
  3198 | D        | Noticed a bog body
  3198 | D        | Noticed a slime creature
  3198 | D        | Noticed a spriggan druid
  3203 | D        | Killed a spriggan druid
  3204 | D        | Noticed a vampire mosquito
  3206 | D        | Killed a slime creature
  3207 | D        | Noticed a spriggan druid
  3208 | D        | Noticed an alligator
  3213 | D        | Killed a bog body
  3214 | D        | Killed a spriggan druid
  3217 | D        | Killed a spriggan druid
  3219 | D        | Killed a swamp drake
  3222 | D        | Killed a vampire mosquito
  3227 | D        | Killed an alligator
  3351 | D        | Noticed a great orb of eyes
  3351 | D        | Noticed a green very ugly thing
  3351 | D        | Noticed a wizard
  3351 | D        | Noticed a great orb of eyes
  3351 | D        | Noticed an ice dragon
  3351 | D        | Noticed a stone giant
  3352 | D        | Noticed a brown very ugly thing
  3364 | D        | Killed a stone giant
  3365 | D        | Noticed a fire giant
  3368 | D        | Killed a green very ugly thing
  3369 | D        | Noticed a fire dragon
  3373 | D        | Killed a brown very ugly thing
  3373 | D        | Reached skill level 21 in Maces & Flails
  3374 | D        | Noticed a tengu reaver
  3384 | D        | Killed an ice dragon
  3384 | D        | Received a gift from Okawaru
  3390 | D        | Killed a great orb of eyes
  3396 | D        | Noticed a red very ugly thing
  3400 | D        | Killed a great orb of eyes
  3401 | D        | Noticed an ettin
  3403 | D        | Killed a wizard
  3409 | D        | Killed from afar by a fire giant

Action                   |  1- 3 |  4- 6 |  7- 9 | 10-12 | 13-15 || total
-------------------------+-------+-------+-------+-------+-------++-------
Melee: Unarmed           |    23 |       |       |       |       ||    23
       Dire flail        |    33 |    28 |    94 |   377 |   129 ||   661
       Great mace        |       |       |       |       |    70 ||    70
Invok: Heroism           |     1 |     1 |     2 |     9 |     3 ||    16
       Finesse           |       |       |       |     9 |     3 ||    12
  Use: Scroll            |       |       |       |     4 |       ||     4
       Potion            |       |       |       |     4 |     1 ||     5
 Stab: Sleeping          |       |       |       |     1 |       ||     1
       Confused          |       |       |       |       |     4 ||     4
  Eat: Chunk             |       |       |       |    17 |     3 ||    20
